 Dungeon Crawl Stone Soup version 0.24-a0-415-g6d73c25c48 (webtiles) character file.

Game seed: 12332034296562076128

165 theanonym the Ruffian (level 5, 0/41 HPs)
             Began as a Ghoul Gladiator on June 7, 2019.
             Slain by an orc
             ... wielding a +0 trident
              (3 damage)
             ... on level 3 of the Dungeon.
             The game lasted 00:02:30 (2204 turns).

theanonym the Ruffian (Ghoul Gladiator)             Turns: 2204, Time: 00:02:30

Health: 0/41       AC: 11    Str: 24    XL:     5   Next: 46%
Magic:  4/4        EV:  7    Int:  3    God:
Gold:   106        SH:  0    Dex: 10    Spells: 4/4 levels left

rFire    . . .     SeeInvis .     - Unarmed
rCold    + . .     Gourm    .   (no shield)
rNeg     + + +     Faith    .   k - +0 plate armour
rPois    ∞         Spirit   .   b - +0 helmet
rElec    .         Reflect  .   (no cloak)
rCorr    .         Harm     .   (no gloves)
MR       .....                  (no boots)
Stlth    ..........             (no amulet)
HPRegen  0.00/turn              (no ring)
MPRegen  0.09/turn              (no ring)

@: mighty, rotting
A: rotting body, claws 1, carnivore, cold resistance 1, negative energy
resistance 3, inhibited regeneration, torment resistance, unbreathing
a: no special abilities


Innate Abilities, Weirdness & Mutations

Your body is rotting away.
You thrive on raw meat.
You are immune to poison.
You have sharp fingernails.
You are carnivorous and can eat meat at any time.
Your flesh is cold resistant. (rC+)
You are immune to negative energy. (rN+++)
You do not regenerate when monsters are visible.
You are immune to unholy pain and torment.
You can survive without breathing.


   Skills:
 - Level 2.1 Fighting
 - Level 1.7 Throwing
 - Level 2.6 Dodging
 + Level 6.6 Unarmed Combat


You had 4 spell levels left.
You didn't know any spells.
Your spell library was empty.

Skill      XL: |  1  2  3  4 |
---------------+-------------+-----
Unarmed Combat | 4 5 6 |  6.6
Fighting       | |  2.1
Throwing       | |  1.7
Dodging        | |  2.6

Action                   |  1- 3 |  4- 6 || total
-------------------------+-------+-------++-------
Melee: Unarmed           |   116 |   108 ||   224
       Punch             |     1 |     1 ||     2
Throw: Throwing net      |       |     4 ||     4
  Use: Potion            |       |     2 ||     2
  Eat: Chunk             |     5 |     2 ||     7
Armor: Leather armour    |     8 |       ||     8
       Plate armour      |    38 |    81 ||   119
       Chain mail        |    15 |       ||    15
Dodge: Dodged            |    51 |    41 ||    92

Inventory:

Armour
 b - a +0 helmet (worn)
 k - a +0 plate armour (worn)
Jewellery
 m - an uncursed ring of positive energy {unknown}
Scrolls
 a - 2 scrolls of random uselessness {unknown}
 f - a scroll of enchant weapon {unknown}
 g - 2 scrolls of identify {unknown}
 i - a scroll of immolation {unknown}
 j - 4 scrolls of magic mapping {unknown}
 n - a scroll of fear {unknown}
 p - a scroll of fog {unknown}
 q - a scroll of remove curse {unknown}
Potions
 o - a potion of lignification {unknown}
Comestibles
 d - 3 chunks of flesh
 e - 2 rations


You were on level 3 of the Dungeon.
You were not hungry.

You visited 1 branch of the dungeon, and saw 3 of its levels.

You collected 106 gold pieces.

Dungeon Overview and Level Annotations

Branches:
Dungeon (3/15)

Altars:
Dithmenos
Xom

## .. #. ### #. #..
#.##### #..
###.#(o)..############..
+....o.@?........... ...
###.#####.###### #.# ###
#.# ####.## #.# #.....#
#.# #.##..# #.# #.##..#
#.#####.##..####
#.......##..#...
##########^.#.##


You could see 2 orcs.

Notes
Turn   | Place    | Note
-------+----------+-------------------------------------------
     0 | D:1      | theanonym the Ghoul Gladiator began the quest for the Orb.
     0 | D:1      | Reached XP level 1. HP: 17/17 MP: 0/0
   157 | D:1      | Reached XP level 2. HP: 19/24 MP: 1/1
   276 | D:1      | Reached skill level 4 in Unarmed Combat
   752 | D:2      | Found a shadowy altar of Dithmenos.
   881 | D:2      | Found a shimmering altar of Xom.
   891 | D:2      | Reached XP level 3. HP: 29/29 MP: 2/2
  1319 | D:3      | Reached skill level 5 in Unarmed Combat
  1326 | D:3      | Reached XP level 4. HP: 25/36 MP: 3/3
  1331 | D:3      | HP: 17/36 [gnoll/cursed -2 spear (5)]
  1336 | D:3      | HP: 13/36 [gnoll/cursed -2 spear (3)]
  1552 | D:3      | HP: 13/36 [orc priest/divine providence (8)]
  1557 | D:3      | HP: 11/36 [bat (1)]
  1816 | D:3      | Reached skill level 6 in Unarmed Combat
  1873 | D:3      | Reached XP level 5. HP: 37/41 MP: 4/4
  2197 | D:3      | HP: 20/41 [orc/+0 trident (2)]
  2199 | D:3      | HP: 8/41 [orc/+0 trident (4)]
  2203 | D:3      | HP: 3/41 [orc/+0 trident (1)]
  2204 | D:3      | Slain by an orc

Vanquished Creatures
  2 orc priests (D:3)
  2 adders
  3 gnolls (D:3)
  3 dart slugs
  2 orcs (D:3)
  2 giant cockroaches (D:3)
  7 goblins
  7 hobgoblins
  3 jackals (D:3)
  A quokka (D:3)
  6 bats
  7 frilled lizards
  6 kobolds
  4 rats
55 creatures vanquished.

Table legend:
 A = Turns spent in this place as a percentage of turns spent in the entire game.
 B = Non-inter-level travel turns spent in this place as a percentage of non-inter-level travel turns spent in the entire game.
 C = Inter-level travel turns spent in this place as a percentage of turns spent in this place.
 D = Turns resting spent in this place as a percentage of non-inter-level travel turns spent in this place.
 E = Turns spent auto-exploring this place as a percentage of non-inter-level travel turns spent in this place.
 F = Non-inter-level travel turns spent in this place divided by the number of levels of this place that you've seen.
                   A       B       C       D       E      F
               +-------+-------+-------+-------+-------+----------------------
         Total | 100.0 | 100.0 |   3.9 |  18.3 |  57.7 | 705.7
       Dungeon | 100.0 | 100.0 |   3.9 |  18.3 |  57.7 | 705.7
               +-------+-------+-------+-------+-------+----------------------
